 Seeded DCSS version 0.31-a0-538-gbc85326fa9 (webtiles) character file.

Game seed: 3826825538972431165 (custom seed)

422 innerfire43 the Ruffian (level 6, -1/47 HPs)
             Began as a Gnoll Shapeshifter on Aug 13, 2023.
             Slain by a goblin
             ... wielding a +0 dagger
              (2 damage)
             ... on level 4 of the Dungeon.
             The game lasted 00:03:05 (2448 turns).

innerfire43 the Ruffian (Gnoll Shapeshifter)        Turns: 2448, Time: 00:03:06

Health: -1/47      AC:  2    Str: 15    XL:     6   Next: 95%
Magic:  9/9        EV: 14    Int:  7    God:
Gold:   261        SH:  0    Dex: 14    Spells: 9/9 levels left

rFire   . .          .
                       - Unarmed
rCold   + . .        (shield currently unavailable)
rNeg    . . .        a - +0 animal skin
rPois   .            (no helmet)
rElec   .            (no cloak)
rCorr   .            (no gloves)
SInv    .            (no boots)
Will    .....        (no amulet)
Stlth   +            n - ring of protection from cold
HPRegen 0.27/turn    (no ring)
MPRegen 0.11/turn

%: no passive effects
@: flux-form, glowing, studying Unarmed Combat
A: glow, contaminating, fangs 1, strong nose, distributed training
a: Begin Untransformation


You were on level 4 of the Dungeon.
You were something dangerously unstable.
You visited 1 branch of the dungeon, and saw 4 of its levels.

You collected 261 gold pieces.

Inventory:

Armour
 a - a +0 animal skin (worn)
Jewellery
 b - a ring of see invisible
 n - a ring of protection from cold (left hand)
Talismans
 c - a beast talisman
 d - a flux talisman (active)
Scrolls
 e - a scroll of amnesia {unknown}
 f - 2 scrolls of vulnerability {unknown}
 g - a scroll of brand weapon {unknown}
 i - 2 scrolls of identify {unknown}
 j - 4 scrolls of noise {unknown}
 l - a scroll of torment {unknown}
 o - 2 scrolls of enchant armour {unknown}
Potions
 h - 2 potions of mutation {unknown}
 m - a potion of brilliance {unknown}
 p - a potion of enlightenment {unknown}
 q - 2 potions of curing {unknown}
 r - a potion of invisibility {unknown}


   Skills:
 + Level 3.4 Fighting
 + Level 2.2 Short Blades
 + Level 2.2 Long Blades
 + Level 2.2 Axes
 + Level 2.2 Maces & Flails
 + Level 2.2 Polearms
 + Level 2.2 Staves
 + Level 2.2 Ranged Weapons
 + Level 2.2 Throwing
 + Level 2.2 Armour
 + Level 5.1 Dodging
 + Level 2.2 Stealth
 + Level 2.2 Shields
 + Level 7.4 Unarmed Combat
 + Level 2.2 Spellcasting
 + Level 1.8 Conjurations
 + Level 1.8 Hexes
 + Level 1.8 Summonings
 + Level 1.8 Necromancy
 + Level 1.8 Translocations
 + Level 1.8 Transmutations
 + Level 1.8 Fire Magic
 + Level 1.8 Ice Magic
 + Level 1.8 Air Magic
 + Level 1.8 Earth Magic
 + Level 1.8 Poison Magic
 + Level 2.4 Invocations
 + Level 2.2 Evocations
 + Level 6.8 Shapeshifting


You had 9 spell levels left.
You didn't know any spells.
Your spell library was empty.

Dungeon Overview and Level Annotations

Branches:
Dungeon (4/15)
 Temple: D:4-7

Altars:


Innate Abilities, Weirdness & Mutations

You are something dangerously unstable.
You glow with magical radiation, making you easy to see and hit.
Foes you strike become dangerously contaminated with magical radiation.
You are incapable of wielding weapons or throwing items.
You have very sharp teeth.
Your uncanny sense of smell can sniff out nearby items.
Your experience applies equally to all skills.


Message History

Your Spellcasting skill increases to level 2!
Your Evocations skill increases to level 2!
The goblin shoots a sling bullet.
The sling bullet hits you but does no damage.
The goblin shoots a sling bullet.
The sling bullet completely misses you.
The goblin shoots a sling bullet.
The sling bullet misses you. The centaur hits you.
* * * LOW HITPOINT WARNING * * *
The centaur barely misses you.
The goblin unwields a +0 sling.
The goblin wields a +0 dagger.
The goblin barely misses you.
You hit the centaur.
The centaur begins to glow.
The centaur is lightly wounded.
The centaur barely misses you. The centaur kicks you.
* * * LOW HITPOINT WARNING * * *
Unknown command.
You hit the centaur.
The centaur glows dangerously bright.
You bite the centaur, but do no damage.
The centaur is lightly wounded.
The centaur closely misses you. The centaur kicks you.
* * * LOW HITPOINT WARNING * * *
The goblin hits you with a +0 dagger.
* * * LOW HITPOINT WARNING * * *
You hit the centaur but do no damage.
The centaur shudders as magic cascades through it.
The centaur twists and deforms.
The centaur is lightly wounded.
The centaur barely misses you. The centaur kicks you.
* * * LOW HITPOINT WARNING * * *
The goblin barely misses you. The centaur hits you.
* * * LOW HITPOINT WARNING * * *
The centaur closely misses you.
It was a potion of cancellation.
You feel magically purged. The centaur misses you. The centaur kicks you.
* * * LOW HITPOINT WARNING * * *
The goblin misses you.
You punch the centaur!
The centaur begins to glow.
The centaur is heavily wounded.
The centaur closely misses you. The centaur misses you.
The goblin hits you with a +0 dagger.
You die...

.#
#####+#####...
.............
..........#
#gc.......#
#B.......[#
#.........#
#.........#
#.........#
#...<[....#
#.........#
###########


You could see a centaur (contam, misshapen) and a goblin.

Vanquished Creatures
  Grinder (D:4)
  An orc priest (D:3)
  Jessica (D:2)
  Robin (D:2)
  4 gnolls (D:3)
  4 adders
  A worm (D:3)
  A dart slug (D:1)
  5 orcs (D:3)
  4 bats
  8 endoplasms
  3 giant cockroaches (D:1)
  12 goblins
  7 hobgoblins
  2 jackals (D:2)
  4 kobolds
  2 quokkas
  4 ball pythons
  4 frilled lizards
  6 rats
75 creatures vanquished.

Notes
Turn   | Place    | Note
-------+----------+-------------------------------------------
     0 | D:1      | innerfire43 the Gnoll Shapeshifter began the quest for the
                  | Orb.
     0 | D:1      | Reached XP level 1. HP: 17/17 MP: 1/1
    46 | D:1      | Identified a scroll of acquirement
    46 | D:1      | Acquired a manual of Unarmed Combat
   261 | D:1      | Reached XP level 2. HP: 22/23 MP: 2/2
   448 | D:1      | Reached XP level 3. HP: 27/28 MP: 3/3
   816 | D:2      | Reached skill level 1 in Invocations
   859 | D:2      | Reached skill level 1 in Short Blades
   859 | D:2      | Reached skill level 1 in Long Blades
   859 | D:2      | Reached skill level 1 in Axes
   859 | D:2      | Reached skill level 1 in Maces & Flails
   859 | D:2      | Reached skill level 1 in Polearms
   859 | D:2      | Reached skill level 1 in Staves
   859 | D:2      | Reached skill level 1 in Ranged Weapons
   859 | D:2      | Reached skill level 1 in Throwing
   859 | D:2      | Reached skill level 1 in Armour
   859 | D:2      | Reached skill level 1 in Stealth
   859 | D:2      | Reached skill level 1 in Shields
   859 | D:2      | Reached skill level 1 in Spellcasting
   859 | D:2      | Reached skill level 1 in Evocations
  1080 | D:2      | Noticed Robin
  1092 | D:2      | Reached XP level 4. HP: 27/34 MP: 5/5
  1115 | D:2      | Killed Robin
  1122 | D:2      | Reached skill level 1 in Conjurations
  1122 | D:2      | Reached skill level 1 in Hexes
  1122 | D:2      | Reached skill level 1 in Summonings
  1122 | D:2      | Reached skill level 1 in Necromancy
  1122 | D:2      | Reached skill level 1 in Translocations
  1122 | D:2      | Reached skill level 1 in Transmutations
  1122 | D:2      | Reached skill level 1 in Fire Magic
  1122 | D:2      | Reached skill level 1 in Ice Magic
  1122 | D:2      | Reached skill level 1 in Air Magic
  1122 | D:2      | Reached skill level 1 in Earth Magic
  1122 | D:2      | Reached skill level 1 in Poison Magic
  1314 | D:2      | Noticed Jessica
  1317 | D:2      | Killed Jessica
  1433 | D:2      | Reached XP level 5. HP: 36/40 MP: 5/7
  1567 | D:3      | Reached skill level 7 in Unarmed Combat
  2056 | D:3      | HP: 1/41 [gnoll/+0 spear (3)]
  2252 | D:3      | Reached XP level 6. HP: 44/47 MP: 8/8
  2432 | D:4      | Noticed Grinder
  2439 | D:4      | Killed Grinder
  2440 | D:4      | Reached skill level 5 in Dodging
  2447 | D:4      | HP: 1/47 [centaur (2)]
  2448 | D:4      | Slain by a goblin

Illustrated notes

Levels and vault maps discovered:
D:1:      roderic_crop_circles_arrival_large, layout_basic
D:2:      layout_basic, minmay_distorted, uniq_robin, uniq_jessica
D:3:      layout_basic, minivault_24, minmay_box_of_dots
D:4:      layout_rooms, nicolae_qazlal_eye_of_the_storm,
          mainiacjoe_overflow_chevrons, minmay_temple_entry_statues_fountains,
          gup_ossuary_entry_pyramid, nicolae_elevator_lobby_asterisk,
          uniq_grinder, uniq_eustachio, uniq_pikel, uniq_duvessa

Skill      XL: |  1  2  3  4  5  6 |
---------------+-------------------+-----
Invocations    | 1 2 |  2.4
Short Blades   | 1 2 |  2.2
Long Blades    | 1 2 |  2.2
Axes           | 1 2 |  2.2
Maces & Flails | 1 2 |  2.2
Polearms       | 1 2 |  2.2
Staves         | 1 2 |  2.2
Ranged Weapons | 1 2 |  2.2
Throwing       | 1 2 |  2.2
Armour         | 1 2 |  2.2
Stealth        | 1 2 |  2.2
Shields        | 1 2 |  2.2
Spellcasting   | 1 2 |  2.2
Evocations     | 1 2 |  2.2
Conjurations   | 1 |  1.8
Hexes          | 1 |  1.8
Summonings     | 1 |  1.8
Necromancy     | 1 |  1.8
Translocations | 1 |  1.8
Transmutations | 1 |  1.8
Fire Magic     | 1 |  1.8
Ice Magic      | 1 |  1.8
Air Magic      | 1 |  1.8
Earth Magic    | 1 |  1.8
Poison Magic   | 1 |  1.8
Fighting       | 3 |  3.4
Unarmed Combat | 7 |  7.4
Dodging        | 5 |  5.1
Shapeshifting  | |  6.8

Action                     |  1- 3 |  4- 6 || total
---------------------------+-------+-------++-------
  Melee: Unarmed           |    93 |   118 ||   211
         Bite              |     9 |    10 ||    19
    Use: Scroll            |     1 |       ||     1
         Potion            |       |     2 ||     2
   Stab: Sleeping          |     1 |     1 ||     2
 Armour: Animal skin       |    16 |    11 ||    27
         Skin              |       |    14 ||    14
  Dodge: Dodged            |    61 |    89 ||   150
   Form: Flux              |     1 |       ||     1

Table legend: (Time is in decaauts)
 A = Elapsed time spent in this place.
 B = Non-inter-level travel time spent in this place.
 C = Inter-level travel time spent in this place.
 D = Time resting spent in this place.
 E = Time spent auto-exploring this place.
 F = Levels seen in this place.
 G = Mean time per level.
                   A        B        C        D        E       F      G
               +--------+--------+--------+--------+--------+-----+--------+
         Total |   2420 |   2343 |     77 |      0 |   1959 |   4 |  605.0 |
       Dungeon |   2420 |   2343 |     77 |      0 |   1959 |   4 |  605.0 |
               +--------+--------+--------+--------+--------+-----+--------+

Top non-repeatable levels by time:
     D:3: 871 daAuts
     D:2: 772 daAuts
     D:1: 762 daAuts
     D:4: 14 daAuts
